 Dungeon Crawl Stone Soup version 0.19.5 (webtiles) character file.

305 Jynx the Cudgeler (level 6, 0/56 HPs)
             Began as a Minotaur Fighter on Mar 5, 2017.
             Slain by an orc (4 damage)
             ... on level 4 of the Dungeon.
             The game lasted 00:05:55 (2230 turns).

Jynx the Cudgeler (Minotaur Fighter)                Turns: 2230, Time: 00:05:56

Health: 0/56       AC:  7    Str: 22    XL:     6   Next: 16%
Magic:  5/5        EV: 10    Int:  5    God:
Gold:   149        SH:  0    Dex: 13    Spells: 0 memorised, 5 levels left

rFire  . . .     SeeInvis .     a - +0 flail
rCold  . . .     Gourm    .     x - +1 mottled dragon scales
rNeg   . . .     Faith    .     (no shield)
rPois  .         Spirit   .     (helmet restricted)
rElec  .         Reflect  .     (no cloak)
rCorr  .         Harm     .     (no gloves)
MR     .....                    (no boots)
Stlth  +.........               (no amulet)
                                (no ring)
                                m - +3 ring of dexterity

@: no status effects
A: retaliatory headbutt, horns 2
a: no special abilities


You were on level 4 of the Dungeon.
You were hungry.

You visited 1 branch of the dungeon, and saw 4 of its levels.

You collected 149 gold pieces.

Inventory:

Hand Weapons
 a - a +0 flail (weapon)
Armour
 c - a +0 shield
 x - +1 mottled dragon scales (worn)
Jewellery
 m - a +3 ring of dexterity (left hand)
 o - an uncursed ring of protection from cold
 s - an uncursed ring of fire
Wands
 u - a wand of polymorph (24/24)
Scrolls
 q - a scroll of fear
 t - a scroll of identify
 v - 2 scrolls of remove curse
Potions
 b - a potion of lignification {unknown}
 d - a potion of might
 e - a potion of resistance
 g - a potion of berserk rage {unknown}
 h - a potion of curing {unknown}
 j - 2 potions of flight {unknown}
 k - a potion of cancellation {unknown}
 l - 3 potions of agility {unknown}
Books
 y - a book of Minor Magic

   Spells                             Type                      Level
   a - Magic Dart                     Conjuration                  1
   b - Blink                          Translocation                2
   c - Call Imp                       Summoning                    2
   d - Repel Missiles                 Charms/Air                   2
   e - Slow                           Hexes                        2
   f - Conjure Flame                  Conjuration/Fire             3
   g - Mephitic Cloud                 Conjuration/Poison/Air       3
Comestibles
 f - 4 bread rations
 p - a meat ration
 r - 4 beef jerkies
 z - 3 chunks of flesh


   Skills:
 + Level 5.6 Fighting
 * Level 6.6 Maces & Flails
 - Level 3.6 Armour
 - Level 3.6 Shields


You had 5 spell levels left.
You didn't know any spells.

Dungeon Overview and Level Annotations

Branches:
Dungeon (4/15)
 Temple: D:4-7

Altars:
Fedhas
Sif Muna
Yredelemnul


Innate Abilities, Weirdness & Mutations

You reflexively headbutt those who attack you in melee.
You have a pair of horns on your head.


Message History

The orc wizard casts a spell.
The orc wizard blinks!
The orc priest closely misses you.
The orc wizard casts a spell.
The orc wizard blinks!
Something hits you but does no damage.
You see here 27 stones.
You closely miss the orc priest.
You hear some strange, mumbled words.
A puff of flame appears from out of thin air!
The puff of flame hits you!
The orc priest mumbles some strange prayers to Beogh against you.
Pain shoots through your body!
The orc wizard gestures wildly while chanting.
The orc wizard blinks!
The orc priest casts a cantrip, but nothing happens.
The orc priest calls down the wrath of Beogh upon you.
Beogh smites you!
* * * LOW HITPOINT WARNING * * *
An orc comes into view.
The orc hits you.
You die...

####################
#>..................
#.####..###.#.#####.
#.o(.#.@###.#.####
#oo#.#.)o.#<.....#
#?o#....#.#..###.#
####..######.#....
#)...o...# #.##...#
#..ยง.o...# #.# ####
#........# #.#
####+###Z# #.# #S#
#.#


You could see an orc.

Vanquished Creatures
  An orc warrior (D:2)
  A centaur skeleton (D:4)
  An iguana (D:3)
  9 adders
  2 worms (D:2)
  2 dart slugs (D:2)
  3 leopard geckos
  An orc (D:3)
  A ball python (D:2)
  6 giant cockroaches
  6 goblins
  6 hobgoblins
  4 jackals (D:2)
  9 bats
  6 frilled lizards
  9 kobolds
  5 rats
72 creatures vanquished.

Notes
Turn   | Place    | Note
-------+----------+-------------------------------------------
     0 | D:1      | Jynx the Minotaur Fighter began the quest for the Orb.
     0 | D:1      | Reached XP level 1. HP: 19/19 MP: 0/0
    46 | D:1      | Reached skill level 3 in Maces & Flails
    77 | D:1      | Reached XP level 2. HP: 22/27 MP: 1/1
   671 | D:2      | Reached XP level 3. HP: 33/33 MP: 2/2
   685 | D:2      | Reached skill level 4 in Maces & Flails
   778 | D:2      | Reached XP level 4. HP: 39/41 MP: 3/3
   804 | D:2      | Found a basalt altar of Yredelemnul.
  1040 | D:2      | Reached skill level 5 in Maces & Flails
  1222 | D:2      | Found a blossoming altar of Fedhas.
  1321 | D:2      | Noticed an orc warrior
  1332 | D:2      | Killed an orc warrior
  1332 | D:2      | Reached skill level 5 in Fighting
  1332 | D:2      | Reached XP level 5. HP: 36/48 MP: 4/4
  1406 | D:3      | Reached skill level 6 in Maces & Flails
  1942 | D:3      | Found a deep blue altar of Sif Muna.
  2071 | D:3      | Reached XP level 6. HP: 40/56 MP: 5/5
  2230 | D:4      | Slain by an orc

Skill      XL: |  1  2  3  4  5 |
---------------+----------------+-----
Maces & Flails | 3 4 5 6 |  6.6
Fighting       | 4 5 |  5.6
Armour         | |  3.6
Shields        | |  3.6

Action                   |  1- 3 |  4- 6 || total
-------------------------+-------+-------++-------
Melee: Flail             |    90 |   111 ||   201
       Headbutt          |    14 |    16 ||    30
  Use: Scroll            |     4 |     6 ||    10
  Eat: Chunk             |       |     4 ||     4
Armor: Scale mail        |    52 |    26 ||    78
       Mottled dragon sc |       |    11 ||    11
Dodge: Dodged            |    26 |    32 ||    58
Block: Shield            |    67 |    47 ||   114
